 Dungeon Crawl Stone Soup version 0.31-a0-705-ga145531891 (webtiles) character file.

Game seed: 13069758293682018308

85 randomguy2701 the Chopper (level 4, -6/40 HPs)
             Began as a Hill Orc Fighter on Sept 9, 2023.
             Was an Initiate of Beogh.
             Mangled by a water moccasin (8 damage)
             ... on level 3 of the Dungeon.
             The game lasted 00:02:18 (1840 turns).

randomguy2701 the Chopper (Hill Orc Fighter)        Turns: 1840, Time: 00:02:19

Health: -6/40      AC:  7    Str: 18    XL:     4   Next: 48%
Magic:  4/4        EV:  9    Int:  8    God:    Beogh [......]
Gold:   128        SH:  4    Dex: 12    Spells: 3/3 levels left

rFire   . . .        a - +0 war axe
rCold   . . .        c - +0 buckler
rNeg    . . .        b - +0 scale mail
rPois   .            (no helmet)
rElec   .            (no cloak)
rCorr   .            (no gloves)
SInv    .            (no boots)
Will    .....        (no amulet) Stlth
                     (no ring)
HPRegen 0.26/turn    (no ring)
MPRegen 0.09/turn

%: no passive effects
@: lethally poisoned (-6 -> -7), hasted, very quick
A: no striking features
a: Renounce Religion


You were on level 3 of the Dungeon.
You worshipped Beogh.
Beogh was noncommittal.
You visited 1 branch of the dungeon, and saw 3 of its levels.

You collected 128 gold pieces.

Inventory:

Hand Weapons
 a - a +0 war axe (weapon)
Armour
 b - a +0 scale mail (worn)
 c - a +0 buckler (worn)
Wands
 h - a wand of roots (9)
Scrolls
 e - a scroll of poison {unknown}
 i - a scroll of blinking {unknown}
 j - 4 scrolls of identify {unknown}
 k - a scroll of amnesia {unknown}
 l - a scroll of teleportation {unknown}
 m - a scroll of fog {unknown}
Potions
 d - a potion of might
 g - a potion of mutation {unknown}
 n - a potion of curing {unknown}


   Skills:
 + Level 4.3 Fighting
 + Level 4.5 Axes
 + Level 3.9 Armour
 + Level 0.1 Dodging
 + Level 3.6 Shields


You had 3 spell levels left.
You didn't know any spells.
Your spell library contained the following spells:

 Spells                   Type           Power      Damage    Failure   Level
 Cause Fear               Hex            0%         N/A       100%        4
 Fireball                 Conj/Fire      0%         3d3       100%        5
 Iskenderun's Battlesphe  Conj           0%         2d6       100%        5
 Leda's Unmaking          Conj/Erth      0%         9d1       100%        6
 Spellforged Servitor     Conj/Summ      0%         N/A       100%        7
 Dragon's Call            Summ           0%         N/A       100%        9


Dungeon Overview and Level Annotations

Branches:
Dungeon (3/15)

Altars:

Shops:
D:1 [


Message History

You are too injured to fight recklessly!
You are too injured to fight recklessly!
You are too injured to fight recklessly!
You are too injured to fight recklessly!
You are too injured to fight recklessly!
Aiming: Fastroot
Press: ? - help, Q - select action Shift-Dir - straight line The roots erupt in riotous growth!
Roots grab the water moccasin.
The grasping roots constrict the water moccasin.
You feel very sick.
You hear a shout!
The water moccasin bites you but does no damage. x2
The grasping roots constrict the water moccasin!
You feel sick.
The water moccasin escapes!
Aiming: Fastroot
Press: ? - help, Q - select action Shift-Dir - straight line The roots erupt in riotous growth!
Roots grab the water moccasin.
The grasping roots constrict the water moccasin.
You feel sick.
You hear a shout!
The water moccasin bites you but does no damage.
The grasping roots constrict the water moccasin.
You feel sick.
The water moccasin escapes!
The water moccasin bites you but does no damage.
You feel sick.
The water moccasin attacks as it pursues you!
The water moccasin bites you.
* * * LOW HITPOINT WARNING * * *
You feel sick.
The water moccasin attacks as it pursues you!
The water moccasin bites you but does no damage.
The water moccasin bites you.
* * * LOW HITPOINT WARNING * * *
You feel sick.
There is a stone staircase leading up here.
It was a potion of haste.
You feel yourself speed up.
You feel sick. The water moccasin bites you!
You die...

..# #. ..# .# .#
###...... .. ..##.##.#.
..# # #..#.##.##.#....#
#.#..#.##.##.#.#..#
##.#.<#.##.##.#.#..# #
.........)....#.#..##.##
###..#†....@.#.#.....>.
#####..#.#####S#.#.......
.......#)# #.#.........
.........# #...........
.##o##.#.# #.#####?....
........#####.# ####
....).#.......#
###############


You could see a water moccasin.

Vanquished Creatures
  An orc wizard (D:3)
  2 worms (D:2)
  2 dart slugs (D:1)
  An orc (D:3)
  A bat (D:3)
  5 endoplasms
  2 giant cockroaches (D:1)
  7 goblins
  2 hobgoblins
  2 quokkas
  6 ball pythons
  6 frilled lizards
  9 kobolds
  3 rats
49 creatures vanquished.

Vanquished Creatures (others)
  An orc (D:3)
1 creature vanquished.

Grand Total: 50 creatures vanquished

Notes
Turn   | Place    | Note
-------+----------+-------------------------------------------
     0 | D:1      | randomguy2701 the Hill Orc Fighter began the quest for the
                  | Orb.
     0 | D:1      | Reached XP level 1. HP: 19/19 MP: 1/1
    42 | D:1      | You fall into a shaft and drop 1 floor!
   227 | D:2      | Reached XP level 2. HP: 16/27 MP: 2/2
   689 | D:2      | Reached XP level 3. HP: 30/33 MP: 3/3
  1313 | D:1      | Found Mutuiqad's Armour Emporium.
  1790 | D:3      | Became a worshipper of Beogh the Brigand
  1793 | D:3      | Reached XP level 4. HP: 40/40 MP: 4/4
  1827 | D:3      | Noticed a water moccasin
  1840 | D:3      | HP: 2/40 [poisoned by a water moccasin]
  1840 | D:3      | Mangled by a water moccasin

Illustrated notes

Levels and vault maps discovered:
D:1:      enne_arrival_octagon_isle, layout_basic, serial_shops,
          nicolae_shop_just_a_little_nook
D:2:      layout_basic, lexackson_kobold_supper
D:3:      layout_loops_ring

Skill      XL: |  1  2  3  4 |
---------------+-------------+-----
Fighting       | 4 |  4.3
Axes           | 3 4 |  4.5
Armour         | |  3.9
Dodging        | |  0.1
Shields        | |  3.6

Action                     |  1- 3 |  4- 6 || total
---------------------------+-------+-------++-------
  Melee: War axe           |   117 |    13 ||   130
 Invoke: Convert to Beogh  |     1 |       ||     1
  Evoke: Wand              |       |     2 ||     2
    Use: Potion            |       |     1 ||     1
 Armour: Scale mail        |    69 |    20 ||    89
  Dodge: Dodged            |    48 |    12 ||    60
  Block: Buckler           |    25 |     2 ||    27

Table legend: (Time is in decaauts)
 A = Elapsed time spent in this place.
 B = Non-inter-level travel time spent in this place.
 C = Inter-level travel time spent in this place.
 D = Time resting spent in this place.
 E = Time spent auto-exploring this place.
 F = Levels seen in this place.
 G = Mean time per level.
                   A        B        C        D        E       F      G
               +--------+--------+--------+--------+--------+-----+--------+
         Total |   1888 |   1808 |     80 |      0 |   1505 |   3 |  629.3 |
       Dungeon |   1888 |   1808 |     80 |      0 |   1505 |   3 |  629.3 |
               +--------+--------+--------+--------+--------+-----+--------+

Top non-repeatable levels by time:
     D:2: 1018 daAuts
     D:1: 808 daAuts
     D:3: 61 daAuts
